 Dungeon Crawl Stone Soup version 0.32-a0-468-g38b2580584 (webtiles) character file.

Game seed: 4060277256620743680

3657 gimp the Toxicologist (level 9, 0/93 HPs)
             Began as a White Draconian Alchemist on Feb 24, 2024.
             Was an Initiate of Sif Muna.
             Succumbed to a killer bee's poison
             ... on level 7 of the Dungeon.
             The game lasted 00:15:49 (8493 turns).

gimp the Toxicologist (White Draconian Alchemist)   Turns: 8493, Time: 00:15:50

Health: 0/93       AC: 24    Str: 11    XL:     9   Next: 88%
Magic:  21/21      EV:  2    Int: 26    God:    Sif Muna [......]
Gold:   164        SH:  0    Dex: 11    Spells: 8/25 levels left

rFire   + . .        (no weapon)
rCold   . . .        (no shield)
rNeg    . . .        (body armour unavailable)
rPois   +            (helmet currently unavailable)
rElec   .            (cloak currently unavailable)
rCorr   .            (gloves currently unavailable)
SInv    .            (boots currently unavailable)
Will    +....        (no amulet)
Stlth   ++           k - ring of Harmony {+Blink rF+ Will+}
HPRegen 0.35/turn    y - +6 ring of intelligence
MPRegen 0.17/turn

%: no passive effects
@: lethally poisoned (0 -> -1), tree-form
A: stationary, stasis, torment immunity, boosted hp, (breathe frost), AC +7,
unfitting armour, (cold resistance 1), (cold-blooded)
a: Renounce Religion, Evoke Blink


You were on level 7 of the Dungeon.
You worshipped Sif Muna.
Sif Muna was noncommittal.
You were a tree.
You visited 2 branches of the dungeon, and saw 9 of its levels.

You collected 288 gold pieces.
You spent 124 gold pieces at shops.

Inventory:

Missiles
 t - a curare-tipped dart
Armour
 s - a scarf of shadows
Jewellery
 k - the ring of Harmony (left branch) {+Blink rF+ Will+}
   (You found it on level 3 of the Dungeon)

   [ring of protection from fire]

   rF+:       It protects you from fire.
   Will+:     It increases your willpower.
   +Blink:    It lets you blink.
 y - a +6 ring of intelligence (right branch)
Wands
 i - a wand of quicksilver (7)
 p - a wand of iceblast (27)
Scrolls
 f - 3 scrolls of fog {unknown}
 l - 4 scrolls of poison {unknown}
 m - a scroll of vulnerability {unknown}
 n - a scroll of amnesia {unknown}
 q - a scroll of enchant weapon {unknown}
 r - a scroll of revelation {unknown}
 x - a scroll of enchant armour {unknown}
Potions
 a - a potion of magic
 b - 4 potions of curing
 c - a potion of brilliance {unknown}
 g - a potion of attraction
 o - a potion of mutation
 v - a potion of haste
 w - a potion of might


   Skills:
 - Level 1.7 Dodging
 - Level 1.7 Stealth
 * Level 8.9 Spellcasting
 - Level 3.0 Conjurations
 + Level 3.1 Fire Magic
 - Level 3.5 Air Magic
 + Level 9.2 Alchemy


You had 8 spell levels left.
You knew the following spells:

 Your Spells              Type           Power      Damage    Failure   Level
a - Sting                 Conj/Alch      100%       1d9       1%          1
b - Mephitic Cloud        Conj/Alch/Air  38%        N/A       1%          3
c - Olgreb's Toxic Radia  Alch           56%        N/A       1%          4
d - Sticky Flame          Fire/Alch      43%        2d8       4%          4
e - Fireball              Conj/Fire      13%        3d7       38%         5

Your spell library contained the following spells:

 Spells                   Type           Power      Damage    Failure   Level
 Shock                    Conj/Air       100%       1d9       1%          1
 Mercury Vapours          Alch/Air       88%        N/A       1%          2
 Swiftness                Air            29%        N/A       3%          3
 Airstrike                Air            14%        2d(3-19)  12%         4
 Cause Fear               Hex            5%         N/A       45%         4
 Dragon's Call            Summ           5%         N/A       100%        9


Dungeon Overview and Level Annotations

Branches:
Dungeon (8/15)             Temple (1/1) D:7
   Lair: D:8-11

Altars:
Ashenzari
Cheibriados
Elyvilon
Fedhas
Hepliaklqana
Kikubaaqudgha
Okawaru
Qazlal
Ru
Sif Muna
Trog
Uskayaw
Xom
Yredelemnul
Zin
The Shining One

Shops:
D:3 :   D:6 !*[*

Annotations:
D:3 2 transporters, Menkaure


Innate Abilities, Weirdness & Mutations

You are a tree.
Your roots penetrate the ground, keeping you stationary.
You cannot be teleported.
You are immune to unholy pain and torment.
Your maximum health is greatly increased.
Your equipment is partially melded.
((You can breathe waves of freezing cold which knock back foes.))
((Your icy white scales are hard. (AC +7)))
You cannot fit into any form of body armour.
((Your flesh is cold resistant. (rC+)))
((You are cold-blooded and may be slowed by cold attacks.))


Message History

Press: ? - help, Shift-Dir - straight line, f/p - slime creature
Aim: a slime creature (heavily wounded, covered in liquid flames, very poisoned, 96% to hit)
The sting hits the slime creature.
The slime creature partially resists.
The slime creature looks even sicker.
The slime creature is heavily wounded.
The slime creature burns!
The slime creature barely misses you.
You now have 8/21 mp.
Casting: Sting (safe; 1% risk of failure)
Confirm with . or Enter, or press ? or * to list all spells.
Aiming: Sting (safe; 1% risk of failure)
Press: ? - help, Shift-Dir - straight line, f/p - slime creature
Aim: a slime creature (severely wounded, covered in liquid flames, very poisoned, 96% to hit)
The sting hits the slime creature.
The slime creature partially resists.
The slime creature looks as sick as possible!
The slime creature is severely wounded.
The slime creature burns!
The slime creature hits you but does no damage.
Casting: Sting (safe; 1% risk of failure)
Confirm with . or Enter, or press ? or * to list all spells.
Aiming: Sting (safe; 1% risk of failure)
Press: ? - help, Shift-Dir - straight line, f/p - slime creature
Aim: a slime creature (almost dead, covered in liquid flames, extremely poisoned, 96% to hit)
The sting hits the slime creature.
The slime creature partially resists.
The slime creature looks as sick as possible!
The slime creature is almost dead.
The slime creature burns!
You kill the slime creature!
Sif Muna accepts your kill.
You now have 7/21 mp.
There is a stone staircase leading down here.
You have got your breath back.
Magic restored.
HP restored.
Done exploring.
Health restored: 62; MP restored: 21 You climb downwards.
The slime creature hits you but does no damage. x2
The killer bee stings you.
A water moccasin comes into view.
The slime creature hits you. The killer bee stings you!
You are poisoned.
The killer bee poisons you! The slime creature misses you.
There is a stone staircase leading up, spattered with blood here.
You take 11 damage, and have 51/62 hp.
Unknown command.
Unknown command.
Okay, then.
Unknown command.
You feel very sick. The killer bee barely misses you.
The slime creature hits you! The killer bee stings you.
The slime creature hits you!
You climb upwards.
You feel very sick.
There is a stone staircase leading down here.
You take 33 damage, and have 18/62 hp.
MASSIVE DAMAGE!!
Okay, then.
You turn into a tree.
Your roots penetrate the ground.
You feel sick.
The killer bee stings you but does no damage.
The slime creature hits you but does no damage.
The slime creature barely misses you.
The killer bee stings you but does no damage.
You now have 27/93 hp.
You feel much better.
You feel sick.
The killer bee stings you but does no damage.
The slime creature hits you!
* * * LOW HITPOINT WARNING * * *
The slime creature hits you!
* * * LOW HITPOINT WARNING * * *
The killer bee stings you but does no damage.
You take 14 damage, and have 13/93 hp.
Okay, then.
Okay, then.
You are too injured to fight recklessly!
Unknown command.
Unknown command.
As you read the scroll labelled SIZUSCH HYHARPHA, it crumbles to dust.
You feel a strange sense of stasis.
It was a scroll of teleportation.
You feel sick.
The killer bee stings you but does no damage.
The slime creature hits you.
* * * LOW HITPOINT WARNING * * *
The slime creature hits you!
* * * LOW HITPOINT WARNING * * *
The killer bee stings you but does no damage.
You take 11 damage, and have 2/93 hp.
As you read the scroll labelled REYMPIAHOI, it crumbles to dust.
It is a scroll of brand weapon.
You aren't carrying any weapons that can be branded.
* * * LOW HITPOINT WARNING * * *
You feel sick.
The killer bee stings you but does no damage.
The slime creature hits you but does no damage. x2
The killer bee completely misses you.
You take 1 damage, and have 1/93 hp.
Unknown command.
As you read the scroll labelled RANU JASKUD, it crumbles to dust.
You assume a fearsome visage.
The slime creature looks frightened!
The killer bee looks frightened!
The slime creature looks frightened!
It was a scroll of fear.
You die...

#......>.))...)....#
#....##.....)......#
#....##............#
#..J.#####'#########
#######..(.# #.#
.....##....# #.#
####.##....# #.#
####)##....#####y#
...............J♣#
####.....#######J#
####### #.# #.# #.#
#.# ######
####'##### #....#
#........# ###.##.##
#........#


You could see 2 slime creatures and a killer bee (fleeing).

Vanquished Creatures
  Grinder (D:2)
  3 slime creatures (D:7)
  Sigmund (D:2)
  A wyvern (D:7)
  3 water moccasins
  3 ice beasts
  2 black bears (D:7)
  An orc warrior (D:7)
  A sky beast (D:7)
  A centaur (D:7)
  A phantom (D:5)
  2 kobold brigands
  4 bullfrogs
  2 scorpions
  A wight (D:8)
  A howler monkey (D:4)
  5 hounds
  2 bombardier beetles
  6 orc priests
  A sleepcap (D:6)
  Jessica (D:2)
  4 iguanas
  6 orc wizards
  Robin (D:3)
  12 adders
  2 ufetubi (D:6)
  3 dart slugs
  25 orcs
  2 ball pythons
  6 endoplasms
  2 giant cockroaches
  15 goblins
  11 hobgoblins
  7 jackals
  7 kobolds
  A quokka (D:3)
  A frilled lizard (D:1)
  2 rats
150 creatures vanquished.

Notes
Turn   | Place    | Note
-------+----------+-------------------------------------------
     0 | D:1      | gimp the Draconian Alchemist began the quest for the Orb.
     0 | D:1      | Reached XP level 1. HP: 14/14 MP: 3/3
   542 | D:1      | Reached XP level 2. HP: 20/20 MP: 3/5
  1110 | D:2      | Noticed Jessica
  1115 | D:2      | Killed Jessica
  1116 | D:2      | Reached XP level 3. HP: 23/26 MP: 2/7
  1120 | D:2      | Learned a level 3 spell: Mephitic Cloud
  1447 | D:2      | Noticed Sigmund
  1461 | D:2      | Killed Sigmund
  1462 | D:2      | Reached skill level 4 in Alchemy
  1462 | D:2      | Reached XP level 4. HP: 33/33 MP: 1/9
  1462 | D:2      | Reached XP level 5. HP: 38/38 MP: 1/10
  2037 | D:3      | Found a hide-covered altar of Uskayaw.
  2117 | D:3      | Found an ancient bone altar of Kikubaaqudgha.
  2119 | D:3      | Noticed Menkaure
  2122 | D:3      | Found a basalt altar of Yredelemnul.
  2141 | D:3      | Found Ahosku's Book Shop.
  2394 | D:3      | Identified the ring of Harmony {+Blink rF+ Will+}
  2401 | D:3      | Found a transporter.
  2404 | D:3      | Found a transporter.
  2478 | D:3      | Reached XP level 6. HP: 45/45 MP: 9/11
  2676 | D:3      | Reached skill level 5 in Alchemy
  2773 | D:3      | Noticed Grinder
  2811 | D:2      | Killed Grinder
  2812 | D:2      | Your scales start taking on an icy white colour.
  2812 | D:2      | Reached XP level 7. HP: 19/50 MP: 3/13
  2812 | D:2      | Gained mutation: Your flesh is cold resistant. (rC+) [White
                  | Draconian growth]
  2921 | D:3      | Noticed Robin
  2955 | D:3      | Killed Robin
  3368 | D:4      | Reached skill level 6 in Alchemy
  3411 | D:4      | Reached skill level 5 in Spellcasting
  3417 | D:4      | Learned a level 4 spell: Olgreb's Toxic Radiance
  3735 | D:4      | Reached skill level 1 in Air Magic
  4381 | D:4      | Found a hazy altar of Hepliaklqana.
  4540 | D:5      | Entered Level 5 of the Dungeon
  4582 | D:4      | Learned a level 4 spell: Sticky Flame
  4607 | D:5      | Reached XP level 8. HP: 57/57 MP: 11/16
  4889 | D:5      | Reached skill level 7 in Alchemy
  5763 | D:6      | Found Zagecaa's General Store.
  5778 | D:6      | Found Pinie's Distillery.
  5783 | D:6      | Bought a potion of curing for 30 gold pieces
  5783 | D:6      | Bought a potion of degeneration for 10 gold pieces
  5786 | D:6      | Bought a potion of heal wounds for 50 gold pieces
  6047 | D:6      | Reached skill level 8 in Alchemy
  6062 | D:6      | Found Snt Jac's Assorted Antiques.
  6068 | D:6      | Bought 2 scrolls labelled UCHIPR DIBBEURAHU for 34 gold
                  | pieces
  6080 | D:6      | Found Tilior's Antique Armour Shop.
  6179 | D:6      | Learned a level 5 spell: Fireball
  6188 | D:6      | Reached XP level 9. HP: 62/62 MP: 11/19
  6239 | D:6      | Found a stormy altar of Qazlal.
  6888 | D:7      | Found a staircase to the Ecumenical Temple.
  6904 | D:7      | Reached skill level 1 in Fire Magic
  6921 | Temple   | Entered the Ecumenical Temple
  6952 | Temple   | Became a worshipper of Sif Muna the Loreminder
  8004 | D:7      | Found a sacrificial altar of Ru.
  8006 | D:7      | Found an iron altar of Okawaru.
  8007 | D:7      | Found a white marble altar of Elyvilon.
  8333 | D:7      | Reached skill level 9 in Alchemy
  8491 | D:7      | HP: 2/93 [slime creature (9)]
  8493 | D:7      | Succumbed to a killer bee's poison

Illustrated notes

Levels and vault maps discovered:
D:1:      sevenhm_arrival_forest_fort_small_5, layout_basic
D:2:      layout_loops_corners, guppyfry_early_orc_mine, uniq_jessica,
          uniq_sigmund
D:3:      layout_basic, gammafunk_temple_of_torment,
          mainiacjoe_overflow_tiny_flanked, serial_shops, shop, uniq_grinder,
          uniq_robin
D:4:      layout_loops_ring, mainiacjoe_overflow_alcove_4,
          chequers_serial_rivers_micro_b, serial_park_tiny_1
D:5:      wander_river, layout_loops_ring, guppyfry_early_lair_pool
D:6:      layout_basic, mainiacjoe_overflow_paths, serial_shops, shop, shop,
          nicolae_shop_stone, nicolae_shop_pleasant_corner_grove,
          minmay_stone_trees_small
D:7:      layout_basic, minitemple, minmay_temple_entry_glass
D:8:      cheibrodos_fzero, layout_basic, mainiacjoe_overflow_small_starburst,
          lair_entry_dummy, serial_glass, glass_columns_a, glass_columns_a
Temple:   hellmonk_temple_beads

Skill      XL: |  1  2  3  4  5  6  7  8  9 |
---------------+----------------------------+-----
Spellcasting   | 3 4 5 7 8 |  8.9
Conjurations   | 2 3 |  3.0
Alchemy        | 4 5 6 8 9 |  9.2
Air Magic      | 1 3 |  3.5
Fire Magic     | 3 |  3.1
Dodging        | |  1.7
Stealth        | |  1.7

Action                     |  1- 3 |  4- 6 |  7- 9 || total
---------------------------+-------+-------+-------++-------
  Melee: Unarmed           |     5 |     2 |    41 ||    48
         Tailslap          |     2 |       |     5 ||     7
         Punch             |       |       |     1 ||     1
   Cast: Sting             |    53 |    44 |   256 ||   353
         Mephitic Cloud    |     1 |       |     1 ||     2
         Sticky Flame      |       |       |    14 ||    14
         Olgreb's Toxic Ra |       |       |     6 ||     6
Ability: Breathe Frost     |       |       |    25 ||    25
  Evoke: Wand              |       |     1 |       ||     1
    Use: Scroll            |       |       |     8 ||     8
         Potion            |       |       |     2 ||     2
 Armour: Skin              |    15 |    13 |   130 ||   158
  Dodge: Dodged            |    11 |     8 |   105 ||   124

Table legend: (Time is in decaauts)
 A = Elapsed time spent in this place.
 B = Non-inter-level travel time spent in this place.
 C = Inter-level travel time spent in this place.
 D = Time resting spent in this place.
 E = Time spent auto-exploring this place.
 F = Levels seen in this place.
 G = Mean time per level.
                   A        B        C        D        E       F      G
               +--------+--------+--------+--------+--------+-----+--------+
         Total |   8524 |   8152 |    372 |    252 |   6664 |   9 |  947.1 |
       Dungeon |   8461 |   8149 |    312 |    252 |   6664 |   8 | 1057.6 |
        Temple |     62 |      2 |     60 |      0 |      0 |   1 |   62.0 |
               +--------+--------+--------+--------+--------+-----+--------+

Top non-repeatable levels by time:
     D:7: 1573 daAuts
     D:2: 1424 daAuts
     D:4: 1275 daAuts
     D:5: 1155 daAuts
     D:3: 1132 daAuts
     D:6: 1116 daAuts
     D:1: 756 daAuts
  Temple: 62 daAuts
     D:8: 27 daAuts
